 Dungeon Crawl Stone Soup version 0.26-a0-712-ga5a9c9c9d0 (webtiles) character file.

Game seed: 14439149287305970136

2215 FrothyCoffee the Martial Artist (level 9, -5/85 (86) HPs)
             Began as a Naga Transmuter on Nov 10, 2020.
             Killed by divine providence
             ... invoked by an orc priest
              (12 damage)
             ... on level 7 of the Dungeon.
             The game lasted 00:39:05 (7885 turns).

FrothyCoffee the Martial Artist (Naga Transmuter)   Turns: 7885, Time: 00:39:06

HP:   -5/85 (86)    AC: 14    Str: 18    XL:     9   Next: 35%
MP:   12/12         EV:  1    Int: 17    God:
Gold: 281           SH:  9    Dex: 12    Spells: 11/12 levels left

rFire    . . .     SeeInvis +   b - +0 hand crossbow
rCold    . . .     Faith    .   G - +0 kite shield
rNeg     . . .     Spirit   .   f - +0 plate armour
rPois    +         Reflect  .   (no helmet)
rElec    .         Harm     .   n - +0 cloak
rCorr    .         Rampage  .   g - +0 pair of gloves
MR       +....                  (no barding)
Stlth    ..........             (no amulet)
HPRegen  0.24/turn              j - +4 ring of protection
MPRegen  0.13/turn              A - +6 ring of strength

@: very slow
A: large, see invisible, deformed body, poison resistance, slowness 2, spit
poison 1, AC +3
a: Spit Poison


You were on level 7 of the Dungeon.
You visited 1 branch of the dungeon, and saw 7 of its levels.

You collected 307 gold pieces.
You spent 26 gold pieces at shops.

Inventory:

Hand Weapons
 b - a +0 hand crossbow (weapon)
Missiles
 r - 14 poisoned darts
 w - 3 boomerangs
 H - 48 bolts (quivered)
Armour
 f - a +0 plate armour (worn)
 g - a +0 pair of gloves (worn)
 m - a +0 tower shield
 n - a +0 cloak (worn)
 y - a +2 buckler
 B - a cursed +0 robe
 G - a +0 kite shield (worn)
Jewellery
 a - an uncursed ring of flight
 c - an uncursed ring of protection from magic {unknown}
 j - a +4 ring of protection (left hand)
 A - a +6 ring of strength (right hand)
 F - an uncursed ring of wizardry
Wands
 i - a wand of random effects (20)
 l - a wand of disintegration (10)
 t - a wand of digging (5)
 v - a wand of flame (14)
Scrolls
 d - 2 scrolls of blinking
 k - 4 scrolls of remove curse
 p - a scroll of immolation
 q - 4 scrolls of teleportation
 z - a scroll of identify
 C - a scroll of enchant armour {unknown}
 D - a scroll of fear
 E - a scroll of fog
Potions
 e - 2 potions of mutation
 h - a potion of ambrosia
 o - 2 potions of stabbing
 s - 2 potions of heal wounds
 u - 2 potions of curing
 x - a potion of magic


   Skills:
 * Level 7.0 Fighting
 - Level 1.5 Dodging
 + Level 3.9 Shields
 * Level 8.1 Unarmed Combat
 - Level 2.0 Spellcasting
 + Level 4.4 Transmutations


You had 11 spell levels left.
You knew the following spells:

 Your Spells              Type           Power        Failure   Level
a - Beastly Appendage     Tmut           ###...       99%         1

Your spell library contained the following spells:

 Spells                   Type           Power        Failure   Level
 Summon Small Mammal      Summ           #...         100%        1
 Call Imp                 Summ           #.......     100%        2
 Wereblood                Tmut           ###.....     100%        2
 Call Canine Familiar     Summ           #.......     100%        3
 Spider Form              Tmut/Pois      #.........   100%        3
 Summon Guardian Golem    Hex/Summ       #.......     100%        3
 Ice Form                 Ice/Tmut       #.......     100%        4
 Summon Ice Beast         Ice/Summ       #.......     100%        4
 Summon Lightning Spire   Summ/Air       #.......     100%        4
 Blade Hands              Tmut           ###.......   100%        5


Dungeon Overview and Level Annotations

Branches:
Dungeon (7/15)             Temple (0/1) D:5

Altars:
Fedhas
Gozag
Uskayaw

Shops:
D:6 :([?


Innate Abilities, Weirdness & Mutations

You cannot wear boots.
Your serpentine skin is tough. (AC +3)
You have supernaturally acute eyesight. (SInv)
Armour fits poorly on your strangely shaped body.
Your system is resistant to poisons. (rPois)
You cover ground very slowly.
You can spit poison.


Message History

The orc shouts!
You hear a loud, deep croak!
The orc priest calls down the wrath of Beogh upon you.
Beogh smites you!
The orc priest mumbles some strange prayers to Beogh against you.
Beogh smites you!
The orc priest begins to cast a cantrip, but forgets the words!
The orc priest mumbles some strange prayers to Beogh against you.
Beogh smites you!
The orc priest mumbles some strange prayers to Beogh against you.
You resist with significant effort.
The orc priest miscasts a cantrip.
The orc priest mumbles some strange prayers to Beogh against you.
Beogh smites you!
* * * LOW HITPOINT WARNING * * *
The orc priest invokes the aid of Beogh against you.
Beogh smites you!
* * * LOW HITPOINT WARNING * * *
The orc priest invokes the aid of Beogh against you.
Beogh smites you!
You die...

### ##.## ###### ### #.<.##
##....###.# #.@..# ##
#.........###....# ###.#
##.####.........##########.#...
#..# ##.#.......##.##...#.....
#..# ###...#...#.............
###.#####.oo.##...#...##.......#
##....##...o.###......###....#.##
#...####.#.....#........#....# #
#...#....#.##................#


You could see 2 orc priests and an orc.

Vanquished Creatures
  Prince Ribbit (D:6)
  Sigmund (D:3)
  Eustachio (D:4)
  An orc warrior (D:6)
  A phantom (D:4)
  A necrophage (D:6)
  An ogre (D:5)
  The ghost of Abmis321 the Skirmisher, an amateur OpWn (D:3)
  A big kobold (D:6)
  Blork the orc (D:4)
  2 bullfrogs
  A water moccasin skeleton (D:5)
  4 scorpions
  A howler monkey (D:6)
  A bullfrog zombie (D:5)
  2 centaur zombies (D:5)
  A hound (D:3)
  A jelly (D:5)
  An orc priest (D:6)
  2 orc wizards
  4 worker ants
  A hound zombie (D:5)
  A hound skeleton (D:5)
  A howler monkey zombie (D:5)
  2 worker ant zombies (D:5)
  8 gnolls (D:5)
  11 adders
  3 white imps
  An ufetubus (D:5)
  An ooze (D:4)
  3 adder skeletons
  3 worms
  2 dart slugs (D:3)
  A leopard gecko (D:4)
  22 orcs
  9 bats
  5 giant cockroaches
  5 goblins
  8 hobgoblins
  7 jackals
  5 frilled lizards
  A giant cockroach zombie (D:5)
  A jackal skeleton (D:5)
  A jackal zombie (D:5)
  14 kobolds
  A leopard gecko zombie (D:5)
  6 rats
153 creatures vanquished.

Vanquished Creatures (others)
  A withered plant (D:5)
1 creature vanquished.

Grand Total: 154 creatures vanquished

Notes
Turn   | Place    | Note
-------+----------+-------------------------------------------
     0 | D:1      | FrothyCoffee the Naga Transmuter began the quest for the
                  | Orb.
     0 | D:1      | Reached XP level 1. HP: 18/18 MP: 3/3
   372 | D:1      | Reached XP level 2. HP: 25/25 MP: 3/5
  1310 | D:2      | Reached XP level 3. HP: 28/32 MP: 4/6
  2045 | D:3      | Reached skill level 4 in Unarmed Combat
  2045 | D:3      | Reached XP level 4. HP: 40/40 MP: 7/7
  2046 | D:3      | Noticed Sigmund
  2136 | D:3      | Killed Sigmund
  2136 | D:3      | Reached skill level 1 in Shields
  2136 | D:3      | Reached skill level 5 in Unarmed Combat
  2136 | D:3      | Reached XP level 5. HP: 32/49 MP: 8/8
  2201 | D:3      | Reached XP level 6. HP: 43/56 MP: 9/9
  2274 | D:3      | Found an opulent altar of Gozag.
  2672 | D:3      | Found a runed translucent door.
  2672 | D:3      | Noticed Abmis321's ghost (amateur OpWn)
  2685 | D:3      | Killed Abmis321's ghost
  2742 | D:3      | Reached XP level 7. HP: 62/63 MP: 10/10
  3032 | D:4      | Reached skill level 6 in Unarmed Combat
  3544 | D:4      | Noticed Eustachio
  3584 | D:4      | Killed Eustachio
  3584 | D:4      | Reached XP level 8. HP: 54/73 MP: 11/11
  3739 | D:4      | Reached skill level 5 in Fighting
  3742 | D:4      | Found a hide-covered altar of Uskayaw.
  3844 | D:4      | Noticed Blork the orc
  3854 | D:4      | Killed Blork the orc
  4136 | D:4      | Found a blossoming altar of Fedhas.
  4317 | D:4      | Found a hide-covered altar of Uskayaw.
  4725 | D:4      | Found a blossoming altar of Fedhas.
  4908 | D:5      | Entered Level 5 of the Dungeon
  5430 | D:5      | Reached skill level 7 in Unarmed Combat
  6337 | D:5      | Found a staircase to the Ecumenical Temple.
  6581 | D:6      | Reached XP level 9. HP: 79/85 MP: 12/12
  6736 | D:6      | Found Paipoic's Antique Armour Boutique.
  6908 | D:6      | Found Gohin's Book Boutique.
  7064 | D:6      | Found Umableol's Antique Weapon Boutique.
  7166 | D:6      | Found Ottigir's Magic Scroll Boutique.
  7176 | D:6      | Bought a scroll of identify for 26 gold pieces
  7290 | D:6      | Noticed Prince Ribbit
  7310 | D:6      | Killed Prince Ribbit
  7310 | D:6      | Reached skill level 8 in Unarmed Combat
  7885 | D:7      | Killed from afar by an orc priest

Illustrated notes

Levels and vault maps discovered:
D:1:      co_arrival_square_in_a_square_in_a_square, layout_basic,
          due_unseen_surprise
D:2:      layout_loops_ring, grunt_ministairs_2, corexii_corridor_pit
D:3:      layout_rooms, grunt_gozag_statues, gammafunk_ghost_grave, uniq_sigmund
D:4:      layout_loops_corners, eat_drink_and_be_merry_uskayaw,
          lemuel_tele_altar, uniq_eustachio, uniq_blork_the_orc
D:5:      layout_cave_pools, temple_statues, serial_undead, serial_undead_d,
          serial_undead_e, serial_undead_d, serial_undead_c
D:6:      layout_loops_corners, serial_shops, shop, shop, shop_statue, shop,
          uniq_prince_ribbit1
D:7:      layout_cave_pools, grunt_temple_overflow_lords_of_destruction,
          uniq_pikel

Skill      XL: |  1  2  3  4  5  6  7  8  9 |
---------------+----------------------------+-----
Fighting       | 2 3 4 6 7 |  7.0
Unarmed Combat | 4 5 6 7 8 |  8.1
Shields        | 1 2 3 |  3.9
Transmutations | 3 4 |  4.4
Dodging        | |  1.5
Spellcasting   | |  2.0

Action                   |  1- 3 |  4- 6 |  7- 9 || total
-------------------------+-------+-------+-------++-------
Melee: Unarmed           |    77 |   107 |   404 ||   588
       Headbutt          |     6 |       |       ||     6
 Fire: Hand crossbow     |       |       |     1 ||     1
Throw: Boomerang         |       |     2 |    15 ||    17
       Dart              |       |     2 |       ||     2
       Stone             |       |       |    10 ||    10
 Cast: Beastly Appendage |     9 |       |       ||     9
 Abil: Spit Poison       |    21 |    20 |    92 ||   133
  Use: Scroll            |     6 |       |    13 ||    19
       Potion            |       |       |     1 ||     1
Armor: Robe              |    20 |       |       ||    20
       Chain mail        |    31 |    48 |   241 ||   320
       Plate armour      |       |       |    30 ||    30
Dodge: Dodged            |    30 |     1 |    25 ||    56
Block: Tower shield      |    27 |    53 |   178 ||   258
       Buckler           |       |       |    19 ||    19

Table legend: (Time is in decaauts)
 A = Elapsed time spent in this place.
 B = Non-inter-level travel time spent in this place.
 C = Inter-level travel time spent in this place.
 D = Time resting spent in this place.
 E = Time spent auto-exploring this place.
 F = Levels seen in this place.
 G = Mean time per level.
                   A        B        C        D        E       F      G
               +--------+--------+--------+--------+--------+-----+--------+
         Total |   9817 |   9399 |    418 |   1195 |   6067 |   7 | 1402.4 |
       Dungeon |   9817 |   9399 |    418 |   1195 |   6067 |   7 | 1402.4 |
               +--------+--------+--------+--------+--------+-----+--------+

Top non-repeatable levels by time:
     D:4: 2738 daAuts
     D:5: 1600 daAuts
     D:6: 1497 daAuts
     D:1: 1481 daAuts
     D:2: 1206 daAuts
     D:3: 1086 daAuts
     D:7: 207 daAuts
